 Dungeon Sprint DCSS version 0.20.0-10-g0535bb4 (webtiles) character file.

638 minicreteconcrete the Zephyrmancer (level 7, -17/40 HPs)
             Began as a Deep Elf Air Elementalist on June 7, 2017.
             Was a Believer of Vehumet.
             Killed from afar by an efreet (33 damage)
             ... with a fireball
             ... in the Dungeon (Sprint IX: "|||||||||||||||||||||||||||||").
             The game lasted 00:02:49 (794 turns).

minicreteconcrete the Zephyrmancer (DEAE)            Turns: 794, Time: 00:02:49

Health: -17/40     AC:  5    Str:  5    XL:     7   Next: 25%
Magic:  21/21      EV: 19    Int: 22    God:    Vehumet [**....]
Gold:   0          SH:  0    Dex: 18    Spells: 14/24 levels left

rFire    . . .     SeeInvis .   a - +2 morningstar (protect)
rCold    . . .     Gourm    .   (no shield)
rNeg     . . .     Faith    .   o - +0 robe
rPois    .         Spirit   .   (no helmet)
rElec    .         Reflect  .   q - +0 cloak
rCorr    .         Harm     .   (no gloves)
MR       .....     NoTele   +   (no boots)
Stlth    +++.......             (no amulet)
Regen    0.2/turn               r - +2 ring of protection
MPRegen  0.2/turn               s - +3 ring of dexterity

@: invisible
A: no striking features
a: Renounce Religion


You were in the Dungeon.
You worshipped Vehumet.
Vehumet was pleased with you.
You were not hungry.

You visited 1 branch

Inventory:

Hand Weapons
 a - a +2 morningstar of protection (weapon)
 p - a +2 rapier of electrocution
Armour
 o - a +0 robe (worn)
 q - a +0 cloak (worn)
Magical Staves
 b - an uncursed staff of energy
Jewellery
 r - a +2 ring of protection (left hand)
 s - a +3 ring of dexterity (right hand)
Wands
 m - a wand of lightning (7/15)
Scrolls
 i - 2 scrolls of blinking
 k - 3 scrolls of remove curse
 l - 2 scrolls of amnesia
Potions
 e - 3 potions of heal wounds
 f - a potion of haste
 g - 4 potions of magic
 j - 4 potions of curing
Books
 n - a book of Air

   Spells                             Type                      Level
   a - Shock                          Conjuration/Air              1
   b - Swiftness                      Charms/Air                   2
   c - Static Discharge               Conjuration/Air              3
   d - Airstrike                      Air                          4
   e - Lightning Bolt                 Conjuration/Air              5
Comestibles
 c - a bread ration


   Skills:
 + Level 2.6 Fighting
 + Level 0.4 Short Blades
 + Level 9.0 Dodging
 + Level 5.5 Stealth
 - Level 0.2 Unarmed Combat
 + Level 9.2 Spellcasting
 + Level 4.5 Conjurations
 + Level 10.8 Air Magic


You had 14 spell levels left.
You knew the following spells:

 Your Spells              Type           Power        Failure   Level  Hunger
a - Shock                 Conj/Air       ####         1%          1    None
b - Lightning Bolt        Conj/Air       #####.....   8%          5    ####...
c - Airstrike             Air            ######....   1%          4    ##.....


Dungeon Overview and Level Annotations

Branches:
Dungeon (1/1)

Altars:
Cheibriados
Dithmenos
Elyvilon
Fedhas
Gozag
Hepliaklqana
Kikubaaqudgha
Makhleb
Nemelex Xobeh
Okawaru
Qazlal
Ru
Sif Muna
Trog
Uskayaw
Vehumet
Xom
Yredelemnul
Zin
The Shining One
Beogh
Jiyva
Lugonu


Message History

Things that are here:
a shortbow; 22 arrows; a centaur skeleton As you open the door, it creaks loudly! 2 worker ants, an ugly thing, an orc, an efreet and a skeleton come into view.
The efreet is wielding a scimitar of flaming.
The orc shouts!
The worker ant twitches its antennae in your direction.
The efreet gestures at you.
The fireball explodes!
The fireball engulfs you!
Ouch! That really hurt!
The worker ant twitches its antennae in your direction.
Okay, then.
Press: ? - help, v - describe, . - travel
Here: an efreet, wielding a scimitar of flaming The floor.
You fade into invisibility!
The efreet gestures at you.
The fireball explodes!
The fireball engulfs you!
Ouch! That really hurt!
You die... ▓▓▓▓▓▓▓▓▓▓▓▓▓▓▓▓▓▓▓▓▓▓▓▓ '...).[[..)..)).@'RouaaZ ▓▓▓▓▓▓▓▓▓▓▓▓▓▓▓▓▓▓▓▓▓▓▓▓

You could see a white ugly thing, an efreet, 2 worker ants, an orc and an adder skeleton.

Vanquished Creatures
  A troll (D)
  An orc warrior (D)
  An ogre (D)
  A centaur (D)
  2 scorpions (D)
  An iguana (D)
  An adder (D)
  2 orcs (D)
  A ball python (D)
  A giant cockroach (D)
  A goblin (D)
  2 hobgoblins (D)
  A bat (D)
16 creatures vanquished.

Notes
Turn   | Place    | Note
-------+----------+-------------------------------------------
     0 | D        | minicreteconcrete the Deep Elf Air Elementalist began the quest for the Orb.
     0 | D        | Reached XP level 1. HP: 10/10 MP: 6/6
    23 | D        | Reached skill level 4 in Air Magic
   237 | D        | Noticed an ogre
   237 | D        | Noticed a scorpion
   243 | D        | Reached XP level 2. HP: 15/15 MP: 3/8
   246 | D        | Killed an ogre
   246 | D        | Reached skill level 5 in Dodging
   246 | D        | Reached skill level 5 in Spellcasting
   246 | D        | Reached skill level 7 in Air Magic
   246 | D        | Reached XP level 3. HP: 20/20 MP: 3/12
   246 | D        | Reached XP level 4. HP: 24/24 MP: 3/13
   259 | D        | Reached skill level 1 in Fighting
   259 | D        | Reached XP level 5. HP: 13/29 MP: 4/15
   275 | D        | Found a roughly hewn altar of Beogh.
   275 | D        | Found a snail-covered altar of Cheibriados.
   275 | D        | Found a shadowy altar of Dithmenos.
   275 | D        | Found a white marble altar of Elyvilon.
   275 | D        | Found a blossoming altar of Fedhas.
   275 | D        | Found an opulent altar of Gozag.
   276 | D        | Found a hazy altar of Hepliaklqana.
   277 | D        | Found a viscous altar of Jiyva.
   278 | D        | Found an ancient bone altar of Kikubaaqudgha.
   279 | D        | Found a corrupted altar of Lugonu.
   280 | D        | Found a burning altar of Makhleb.
   281 | D        | Found a sparkling altar of Nemelex Xobeh.
   282 | D        | Found an iron altar of Okawaru.
   283 | D        | Found a stormy altar of Qazlal.
   284 | D        | Found a sacrificial altar of Ru.
   285 | D        | Found a deep blue altar of Sif Muna.
   286 | D        | Found a bloodstained altar of Trog.
   287 | D        | Found a hide-covered altar of Uskayaw.
   288 | D        | Found a radiant altar of Vehumet.
   290 | D        | Found a shimmering altar of Xom.
   291 | D        | Found a basalt altar of Yredelemnul.
   292 | D        | Found a glowing silver altar of Zin.
   293 | D        | Found a glowing golden altar of the Shining One.
   296 | D        | Became a worshipper of Vehumet
   336 | D        | Learned a level 5 spell: Lightning Bolt
   394 | D        | Noticed a troll
   394 | D        | Noticed an orc warrior
   394 | D        | Noticed a centaur
   468 | D        | Killed a centaur
   468 | D        | Reached skill level 8 in Air Magic
   469 | D        | Killed a troll
   469 | D        | Reached * piety under Vehumet
   469 | D        | Offered knowledge of Flame Tongue by Vehumet.
   469 | D        | Reached skill level 5 in Stealth
   469 | D        | Reached skill level 10 in Air Magic
   469 | D        | Reached XP level 6. HP: 35/35 MP: 5/19
   471 | D        | Killed an orc warrior
   471 | D        | Reached XP level 7. HP: 19/40 MP: 3/21
   483 | D        | Reached ** piety under Vehumet
   509 | D        | Learned a level 4 spell: Airstrike
   793 | D        | Noticed an efreet
   793 | D        | Noticed a white ugly thing
   794 | D        | Killed from afar by an efreet

Skill      XL: |  1  2  3  4  5  6  7 |
---------------+----------------------+-----
Dodging        | 3 5 6 8 9 |  9.0
Air Magic      | 4 7 10 | 10.8
Spellcasting   | 5 6 8 9 |  9.2
Stealth        | 3 4 5 |  5.5
Fighting       | 1 2 |  2.6
Conjurations   | 2 3 4 |  4.5
Short Blades   | |  0.4
Unarmed Combat | |  0.2

Action                   |  1- 3 |  4- 6 |  7- 9 || total
-------------------------+-------+-------+-------++-------
Melee: Unarmed           |    14 |    13 |       ||    27
       Rapier            |       |       |     5 ||     5
 Cast: Shock             |    10 |     4 |     7 ||    21
       Lightning Bolt    |       |     2 |       ||     2
  Use: Potion            |     1 |     1 |     1 ||     3
Armor: Robe              |     5 |       |       ||     5
Dodge: Dodged            |    13 |     9 |     7 ||    29
